 Dungeon Crawl Stone Soup version 0.29.0-4-gdea44cf6ec (webtiles) character file.

Game seed: 12319616662403236992

4 qw the Sneak (level 1, -8/14 HPs)
             Began as a Gargoyle Delver on Sept 10, 2022.
             Mangled by an iguana (11 damage)
             ... on level 4 of the Dungeon.
             The game lasted 00:00:04 (211 turns).

qw the Sneak (Gargoyle Delver)                       Turns: 211, Time: 00:00:04

Health: -8/14      AC:  5    Str: 15    XL:     1   Next: 60%
Magic:  1/1        EV: 11    Int: 10    God:
Gold:   14         SH:  0    Dex: 11    Spells: 0/0 levels left

rFire   . . .      SeeInvis .   a - +0 hand axe
rCold   . . .      Faith    .   (no shield)
rNeg    + . .      Spirit   .   b - +0 leather armour
rPois   inf        Reflect  .   (no helmet)
rElec   +          Harm     .   (no cloak)
rCorr   .          Rampage  .   (no gloves)
Will    .....                   (no boots)
Stlth   +++.......              (no amulet)
HPRegen 0.04/turn               (no ring)
MPRegen 0.07/turn               (no ring)

@: no status effects
A: sickness immunity, AC +2, negative energy resistance 1, electricity
resistance, torment resistance 1, petrification resistance
a: no special abilities


You were on level 4 of the Dungeon.
You visited 1 branch of the dungeon, and saw 2 of its levels.

You collected 14 gold pieces.


Innate Abilities, Weirdness & Mutations

You are immune to sickness and miasma.
Your stone body is resilient. (AC +2)
You are immune to poison.
You resist negative energy. (rN+)
You are resistant to electric shocks. (rElec)
You are resistant to unholy torment.
You are immune to petrification.


   Skills:
 - Level 3.2 Fighting
 + Level 2.1 Axes
 - Level 1.5 Dodging
 - Level 5.4 Stealth


You couldn't memorise any spells.
You didn't know any spells.
Your spell library was empty.

Inventory:

Hand Weapons
 a - a +0 hand axe (weapon)
 c - a +0 mace
Armour
 b - a +0 leather armour (worn)
Wands
 g - a wand of digging (3)
Potions
 f - a potion of haste

Dungeon Overview and Level Annotations

Branches:
Dungeon (5/15)
 Temple: D:4-7

Altars:


Message History

The kobold throws a stone.
The stone hits you. The orc closely misses you.
You bump into the rock wall.
You feel less confused. The orc barely misses you.
You hit the orc.
The orc is almost dead.
The orc hits you with a +0 mace.
You hit the orc.
You kill the orc!
Your Axes skill increases to level 2!
You hit the kobold.
You kill the kobold!
You start resting.
HP restored.
c - a +0 mace
Found a spear.
Found a sling.
An endoplasm comes into view.
The endoplasm quivers.
Found an escape hatch in the floor.
You barely miss the endoplasm. The endoplasm freezes you.
You are frozen.
You hit the endoplasm.
You kill the endoplasm!
You start resting.
HP restored.
You now have 14 gold pieces.
An iguana comes into view.
You see here a scroll labelled UHAL VUOZU.
The iguana hisses angrily.
You barely miss the iguana.
The iguana bites you but does no damage.
You closely miss the iguana. The iguana bites you!
Ouch! That really hurt!
You hit the iguana but do no damage. The iguana bites you!
Ouch! That really hurt!
You die...

####....######.#
#....##.#....#.#
#....##.#.)..#.#
#.>.......)....#
####.##.#......#
#....#......##
##...##......####...
#.#................
#.####...#.@#######
... #...#.l...# ..
#.#.#...#..# ...
####....# .>..
+....# ### #....#
#....# #....#


You could see an iguana.

Vanquished Creatures
  An orc (D:4)
  An endoplasm (D:4)
  A kobold (D:4)
3 creatures vanquished.

Notes
Turn   | Place    | Note
-------+----------+-------------------------------------------
     0 | D:5      | qw the Gargoyle Delver began the quest for the Orb.
     0 | D:5      | Reached XP level 1. HP: 14/14 MP: 1/1
     0 | D:5      | 0 ||| qw: Version: 0.1-a-116-g5d60599
     0 | D:5      | 0 ||| qw: Game counter: 8107
     0 | D:5      | 0 ||| qw: Always use a shield: true
     0 | D:5      | 0 ||| qw: God list: Okawaru
     0 | D:5      | 0 ||| qw: Allow faded altars: false
     0 | D:5      | 0 ||| qw: Do Orc after D:15 true
     0 | D:5      | 0 ||| qw: Do second Lair branch before Depths: true
     0 | D:5      | 0 ||| qw: Lair rune preference: random
     0 | D:5      | 0 ||| qw: Plans: Normal
     0 | D:5      | 0 ||| PLANNING D:1-11
     0 | D:5      | 0 ||| DROPPING scroll of fog.
     1 | D:5      | 1 ||| DROPPING scroll of magic mapping.
     2 | D:5      | 2 ||| DROPPING scroll of fear.
     7 | D:5      | Noticed an orc wizard
    14 | D:5      | 14 ||| STAIRDANCE
    16 | D:5      | 16 ||| STAIRDANCE
    16 | D:5      | Noticed an orc priest
   202 | D:4      | Noticed an iguana
   210 | D:4      | HP: 3/14 [iguana (11)]
   211 | D:4      | Mangled by an iguana

Levels and vault maps discovered:
D:4:      layout_basic, serial_shops, shop_scrolls
D:5:      layout_loops_ring, temple_green, serial_shops, nicolae_diamond_shop

Skill      XL: |  1 |
---------------+----+-----
Axes           | 2 |  2.1
Fighting       | |  3.2
Dodging        | |  1.5
Stealth        | |  5.4

Action                   || total
-------------------------++-------
Melee: Hand axe          ||     8
Armor: Leather armour    ||     1
Dodge: Dodged            ||     3

Table legend:
 A = Non-vault XP
 B = Vault XP
 C = Vault XP percentage of total XP
 D = Non-vault monster count
 E = Vault monster count
 F = Vault count percentage of total count
                 A         B        C        D         E       F
            +---------+---------+-------+---------+---------+-------
      Total |       6 |       0 |   0.0 |       3 |       0 |   0.0
            +---------+---------+-------+---------+---------+-------
        D:4 |       6 |       0 |   0.0 |       3 |       0 |   0.0
            +---------+---------+-------+---------+---------+-------
